 Dungeon Crawl Stone Soup version 0.25.1-1-g288607f5aa (webtiles) character file.

Game seed: 13867860400000972206

1160 DerDa the Thaumaturge (level 8, -10/54 HPs)
             Began as a Mummy Necromancer on July 26, 2020.
             Was an Initiate of Sif Muna.
             Mangled by a seven-headed hydra (18 damage)
             ... on level 5 of the Dungeon.
             The game lasted 00:21:35 (7343 turns).

DerDa the Thaumaturge (Mummy Necromancer)           Turns: 7343, Time: 00:21:36

Health: -10/54     AC:  8    Str: 11    XL:     8   Next: 16%
Magic:  0/20       EV: 16    Int: 16    God:    Sif Muna [......]
Gold:   296        SH:  0    Dex: 13    Spells: 9/23 levels left

rFire    x . .     SeeInvis .   n - +0 falchion
rCold    + . .     Gourm    .   (no shield)
rNeg     + + +     Faith    .   l - +2 animal skin
rPois    ∞         Spirit   .   m - +0 helmet
rElec    .         Reflect  .   j - +2 cloak
rCorr    .         Harm     .   (no gloves)
MR       +....                  (no boots)
Stlth    +.........             (no amulet)
HPRegen  0.18/turn              b - +4 ring of evasion
MPRegen  0.17/turn              r - ring of attention (curse)

@: no status effects
A: no food or potions, fire vulnerability, cold resistance 1, negative energy
resistance 3, torment resistance, unbreathing
a: Renounce Religion


You were on level 5 of the Dungeon.
You worshipped Sif Muna.
Sif Muna was noncommittal.
You were not hungry.

You visited 2 branches of the dungeon, and saw 6 of its levels.

You collected 296 gold pieces.

Inventory:

Hand Weapons
 k - a +0 hunting sling
 n - a +0 falchion (weapon)
Missiles
 e - 13 poisoned darts (quivered)
 i - 134 stones
Armour
 j - a +2 cloak (worn)
 l - a +2 animal skin (worn)
 m - a +0 helmet (worn)
Jewellery
 b - a +4 ring of evasion (left hand)
 h - a +4 ring of evasion
 r - a cursed ring of attention (right hand)
Wands
 d - a wand of flame (26)
 p - a wand of enslavement (6)
 q - a wand of disintegration (12)
Scrolls
 a - a scroll of immolation
 c - a scroll of remove curse
 f - a scroll of blinking
 g - a scroll of magic mapping
 o - a scroll of vulnerability
 s - 2 scrolls of enchant weapon


   Skills:
 + Level 1.3 Fighting
 + Level 2.1 Dodging
 - Level 1.5 Stealth
 * Level 8.2 Spellcasting
 * Level 7.6 Necromancy
 + Level 1.3 Invocations


You had 9 spell levels left.
You knew the following spells:

 Your Spells              Type           Power        Failure   Level  Hunger
a - Pain                  Necr           ####         1%          1    N/A
b - Animate Skeleton      Necr           N/A          1%          1    N/A
c - Vampiric Draining     Necr           ####......   1%          3    N/A
d - Animate Dead          Necr           N/A          4%          4    N/A
e - Agony                 Necr           ####....     13%         5    N/A

Your spell library contained the following spells:

 Spells                   Type           Power        Failure   Level  Hunger
 Magic Dart               Conj           #...         11%         1    N/A
 Blink                    Tloc           N/A          17%         2    N/A
 Call Imp                 Summ           #.......     17%         2    N/A
 Slow                     Hex            #.......     17%         2    N/A
 Conjure Flame            Conj/Fire      #.......     32%         3    N/A
 Mephitic Cloud           Conj/Pois/Air  #.......     32%         3    N/A

Dungeon Overview and Level Annotations

Branches:
Dungeon (5/15)             Temple (1/1) D:5

Altars:
Ashenzari
Cheibriados
Dithmenos
Fedhas
Gozag
Hepliaklqana
Kikubaaqudgha
Nemelex Xobeh
Okawaru
Qazlal
Sif Muna
Trog
Uskayaw
Vehumet
Wu Jian
Yredelemnul
The Shining One


Innate Abilities, Weirdness & Mutations

You do not eat or drink.
Your flesh is vulnerable to fire.
You are immune to poison.
Your flesh is cold resistant. (rC+)
You are immune to negative energy. (rN+++)
You are immune to unholy pain and torment.
You can survive without breathing.


Message History

Aiming: Agony (quite dangerous; 13% risk of failure)
Press: ? - help, Shift-Dir - straight line, f/p - seven-headed hydra
Aim: a seven-headed hydra (severely wounded, chance to defeat MR: 72%)
The seven-headed hydra struggles to resist.
The seven-headed hydra bites you but does no damage.
The seven-headed hydra closely misses you. x2
The seven-headed hydra barely misses you. x2
The seven-headed hydra closely misses you.
The seven-headed hydra bites you but does no damage.
Casting: Agony (quite dangerous; 13% risk of failure)
Confirm with . or Enter, or press ? or * to list all spells.
Aiming: Vampiric Draining (safe; 1% risk of failure)
Press: ? - help, Shift-Dir - straight line, f/p - seven-headed hydra
Aim: a seven-headed hydra (severely wounded)
The seven-headed hydra is almost dead.
You feel life coursing into your body. The seven-headed hydra bites you!
* * * LOW HITPOINT WARNING * * *
The seven-headed hydra completely misses you.
The seven-headed hydra bites you!!
You die...

##................[##
##...................###
##....##................#
##....###.##.........[...#
##....####..##...(......###
##....## #...###.......###
#....## ##...######.####
#...## #..D..# ###
##..######..@..##
#..........##...#####
#..........##.......######
#..........##............####
#..........##...............(
#..........#...#############.
#...........%..# ##
#..............#
##............##


You could see a seven-headed hydra.

Vanquished Creatures
  An ogre (D:4)
  A centaur (D:5)
  A water moccasin skeleton (D:4)
  A scorpion (D:5)
  4 hounds
  3 orc priests
  A jelly (D:5)
  3 orc wizards
  Ijyb (D:3)
  An iguana (D:5)
  8 worker ants
  A hound zombie (D:5)
  A hound skeleton (D:5)
  A worker ant zombie (D:5)
  Robin (D:2)
  7 adders
  3 oozes
  An adder skeleton (D:4)
  4 worms
  5 dart slugs
  6 leopard geckos
  13 orcs
  2 ball pythons
  8 bats
  5 giant cockroaches
  14 goblins
  11 hobgoblins
  7 jackals
  3 quokkas
  5 frilled lizards
  6 kobolds
  A quokka skeleton (D:4)
  9 rats
  3 rat zombies (D:2)
142 creatures vanquished.

Vanquished Creatures (collateral kills)
  An ogre (D:4)
  2 orcs (D:3)
  A rat (D:3)
4 creatures vanquished.

Grand Total: 146 creatures vanquished

Notes
Turn   | Place    | Note
-------+----------+-------------------------------------------
     0 | D:1      | DerDa the Mummy Necromancer began the quest for the Orb.
     0 | D:1      | Reached XP level 1. HP: 13/13 MP: 4/4
   127 | D:1      | Reached skill level 3 in Spellcasting
   132 | D:1      | Reached XP level 2. HP: 19/19 MP: 0/6
   498 | D:1      | Learned a level 1 spell: Animate Skeleton
   654 | D:1      | Reached XP level 3. HP: 24/24 MP: 6/8
   659 | D:1      | Learned a level 3 spell: Vampiric Draining
  1347 | D:2      | Found a basalt altar of Yredelemnul.
  1386 | D:2      | Reached skill level 4 in Spellcasting
  1594 | D:2      | Reached XP level 4. HP: 30/30 MP: 2/10
  1599 | D:2      | Noticed Robin
  1661 | D:2      | Killed Robin
  1661 | D:2      | Reached skill level 5 in Necromancy
  1813 | D:2      | Learned a level 4 spell: Animate Dead
  2132 | D:2      | You fall into a shaft and drop 2 floors!
  2147 | D:4      | Noticed an ogre
  2556 | D:2      | Found an ancient bone altar of Kikubaaqudgha.
  2584 | D:2      | Found a shadowy altar of Dithmenos.
  2584 | D:2      | Found a hide-covered altar of Uskayaw.
  2653 | D:2      | Found a faded altar of an unknown god.
  2882 | D:2      | Reached skill level 5 in Spellcasting
  2882 | D:2      | Reached XP level 5. HP: 35/35 MP: 5/12
  2889 | D:2      | Learned a level 5 spell: Agony
  3307 | D:3      | Noticed Ijyb
  3314 | D:3      | Killed Ijyb
  3417 | D:3      | Found a radiant altar of Vehumet.
  3514 | D:3      | Reached XP level 6. HP: 33/41 MP: 0/14
  3936 | D:3      | Reached skill level 6 in Spellcasting
  4482 | D:4      | Reached XP level 7. HP: 31/46 MP: 6/17
  4576 | D:4      | Reached skill level 7 in Spellcasting
  5012 | D:4      | Found a snail-covered altar of Cheibriados.
  5477 | D:5      | Entered Level 5 of the Dungeon
  5505 | D:5      | Found a staircase to the Ecumenical Temple.
  5515 | Temple   | Entered the Ecumenical Temple
  5682 | Temple   | Became a worshipper of Sif Muna the Loreminder
  6227 | D:5      | Reached skill level 1 in Fighting
  6227 | D:5      | Reached skill level 1 in Invocations
  6231 | D:5      | Reached skill level 8 in Spellcasting
  6231 | D:5      | Reached XP level 8. HP: 54/54 MP: 8/20
  6352 | D:5      | Noticed a seven-headed hydra
  6391 | D:5      | Found a sparkling altar of Nemelex Xobeh.
  7343 | D:5      | Mangled by a seven-headed hydra

Illustrated notes

Levels and vault maps discovered:
D:1:      dpeg_arrival_leaves_temple_mockup, layout_loops_ring, st_stairs_8
D:2:      minmay_general_purpose_star, layout_loops_cross,
          lemuel_zombie_altar_kikubaaqudgha, lemuel_round_altar,
          gammafunk_temple_overflow_elements, chequers_ecumenical_altar_grove,
          first_ration, uniq_robin
D:3:      layout_rooms, lemuel_crystal_altar, uniq_ijyb
D:4:      layout_cave_pools, kennysheep_slug_shrine, minivault_19
D:5:      layout_cave_pods, kennysheep_mini, nemelex_xobeh_ov_fountains_minmay,
          minmay_temple_entry_large_hall, minmay_crystal_room, nzn_random_ring,
          uniq_blork_the_orc
Temple:   dpeg_chambers_temple

Skill      XL: |  1  2  3  4  5  6  7 |
---------------+----------------------+-----
Spellcasting   | 3 4 5 6 8 |  8.2
Necromancy     | 5 6 7 |  7.6
Fighting       | 1 |  1.3
Dodging        | 2 |  2.1
Invocations    | 1 |  1.3
Stealth        | |  1.5

Action                   |  1- 3 |  4- 6 |  7- 9 || total
-------------------------+-------+-------+-------++-------
Melee: Unarmed           |     4 |       |       ||     4
       Short sword       |     1 |       |       ||     1
       War axe           |       |    23 |       ||    23
       Falchion          |       |    25 |   103 ||   128
 Fire: Hunting sling     |       |       |     9 ||     9
Throw: Dart              |       |     1 |       ||     1
 Cast: Pain              |    74 |   165 |   100 ||   339
       Animate Skeleton  |     3 |    13 |     1 ||    17
       Animate Dead      |       |       |     6 ||     6
       Vampiric Draining |       |       |     5 ||     5
       Agony             |       |       |     4 ||     4
  Use: Scroll            |       |     8 |     3 ||    11
Armor: Robe              |     5 |     1 |       ||     6
       Animal skin       |       |    28 |    47 ||    75
Dodge: Dodged            |     8 |   125 |   158 ||   291
       Rpst.: Falchion   |       |    33 |    46 ||    79
